 Dungeon Crawl Stone Soup version 0.30.0-13-g156ef70053 (webtiles) character file.

Game seed: 4693310010642454033

6 SnakkuSnakku7 the Ducker (level 1, 0/12 HPs)
             Began as a Tengu Hexslinger on May 17, 2023.
             Slain by a quokka (5 damage)
             ... on level 1 of the Dungeon.
             The game lasted 00:00:25 (107 turns).

SnakkuSnakku7 the Ducker (Tengu Hexslinger)          Turns: 107, Time: 00:00:26

Health: 0/12       AC:  2    Str: 10    XL:     1   Next: 90%
Magic:  3/3        EV: 12    Int: 13    God:
Gold:   6          SH:  0    Dex: 14    Spells: 1/2 levels left

rFire   . . .        a - +1 sling
rCold   . . .        (no shield)
rNeg    . . .        c - +0 robe
rPois   .            (helmet restricted)
rElec   .            (no cloak)
rCorr   .            (no gloves)
SInv    .            (boots unavailable)
Will    .....        (no amulet)
Stlth   +            (no ring)
HPRegen 0.22/turn    (no ring)
MPRegen 0.08/turn

%: no passive effects
@: no status effects
A: beak, talons 3
a: no special abilities


You were on level 1 of the Dungeon.
You visited 1 branch of the dungeon, and saw 1 of its levels.

You collected 6 gold pieces.

Inventory:

Hand Weapons
 a - a +1 sling (weapon)
Armour
 c - a +0 robe (worn)
 f - a +0 ring mail
Scrolls
 b - a scroll of poison
 d - a scroll of vulnerability {unknown}
 e - a scroll of identify {unknown}


   Skills:
 + Level 1.9 Fighting
 - Level 2.1 Ranged Weapons
 - Level 2.1 Dodging
 - Level 1.0 Spellcasting
 - Level 2.1 Hexes


You had one spell level left.
You knew the following spells:

 Your Spells              Type           Power      Damage    Failure   Level
a - Slow                  Hex            24%        N/A       12%         1

Your spell library contained the following spells:

 Spells                   Type           Power      Damage    Failure   Level
 Inner Flame              Hex/Fire       3%         N/A       47%         3
 Portal Projectile        Hex/Tloc       6%         N/A       47%         3
 Cause Fear               Hex            3%         N/A       75%         4


Dungeon Overview and Level Annotations

Branches:
Dungeon (1/15)

Altars:


Innate Abilities, Weirdness & Mutations

You have a beak for a mouth.
You have claws for feet.


Message History

Press: ? - help, Q - select action, (/) - cycle Shift-Dir - straight line, f/p - bat
Aim: a bat (severely wounded, 42% to hit)
You shoot a sling bullet.
The sling bullet completely misses the bat.
The bat barely misses you.
Fire: a) +1 sling
Press: ? - help, Q - select action, (/) - cycle Shift-Dir - straight line, f/p - bat
Aim: a bat (severely wounded, 42% to hit)
You shoot a sling bullet. The sling bullet hits the bat.
You kill the bat!
Unknown command.
You start resting.
HP restored.
Things that are here:
a frilled lizard corpse; a hobgoblin corpse Magic restored.
e - a scroll labelled AWIUBA BUILE
Found a ring mail.
A quokka comes into view.
Found a murky purple potion.
Found a stone staircase leading down.
Found 10 gold pieces.
Found a glowing coppery potion.
You see here a +0 ring mail.
f - a +0 ring mail You shoot a sling bullet.
The sling bullet hits the quokka.
The quokka is almost dead.
The quokka bites you.
You shoot a sling bullet.
The sling bullet closely misses the quokka.
The quokka bites you. x2
You are too injured to fight recklessly!
You are too injured to fight recklessly!
You are too injured to fight recklessly!
Fire: a) +1 sling
Press: ? - help, Q - select action, (/) - cycle Shift-Dir - straight line, f/p - quokka
Aim: a quokka (almost dead, 46% to hit)
You shoot a sling bullet. The sling bullet misses the quokka.
The quokka bites you.
You die...

#.. !. .. #. #.##
..# #.#
#.###.#########..
#>....@r........!
####..#...###.##
......#...#
#......#...#
#....#.....+ #
..$..#.....#.#
.....#..####.#
.... #..##...
.....#...#.#


You could see a quokka.

Vanquished Creatures
  A giant cockroach (D:1)
  2 hobgoblins (D:1)
  A bat (D:1)
  A frilled lizard (D:1)
  A rat (D:1)
6 creatures vanquished.

Notes
Turn   | Place    | Note
-------+----------+-------------------------------------------
     0 | D:1      | SnakkuSnakku7 the Tengu Hexslinger began the quest for the
                  | Orb.
     0 | D:1      | Reached XP level 1. HP: 12/12 MP: 3/3
   107 | D:1      | Slain by a quokka

Illustrated notes

Levels and vault maps discovered:
D:1:      roderic_chinese_lattice_arrival, layout_basic, serial_corexii_hall,
          chequers_hall_statues_wall_a, corexii_hall_statues_i

Action                     || total
---------------------------++-------
   Fire: Sling             ||    25
   Cast: Slow              ||     2
 Armour: Robe              ||     7
  Dodge: Dodged            ||    14
